3L
BROOKLYN DODGERS @ PORTLAND EVERGREENS
06/14/2027
 
TOP OF THE 1ST
Brooklyn Dodgers batting - Pitching for Portland Evergreens : RHP Juan Ángel
Pitching: RHP Juan Ángel
Batting: RHB Vincent Crane 0-0: DOUBLE (Line Drive, 9LM)
Batting: RHB Tony Justice 0-0: Called Strike
0-1: Called Strike
0-2: Ball
1-2: Strikes out swinging
Batting: SHB Juan Rivas 0-0: Fly out, F7 (Line Drive, 7)
Batting: RHB Oliver Aranda 0-0: Ball
1-0: Foul Ball, location: 2F
1-1: Foul Ball, location: 2F
1-2: Strikes out looking
Top of the 1st over - 0 run(s), 1 hit(s), 0 error(s), 1 left on base; Brooklyn 0 - Portland 0
BOTTOM OF THE 1ST
Portland Evergreens batting - Pitching for Brooklyn Dodgers : RHP Russ Horne
Pitching: RHP Russ Horne
Batting: LHB José Ruíz 0-0: Ball
1-0: Foul Ball, location: 2F
1-1: Ground out 1-3 (Groundball, 13)
Batting: SHB Eddie Ménard 0-0: Called Strike
0-1: Foul Ball, location: 2F
0-2: DOUBLE (Flyball, 78M)
Batting: RHB Raúl Delgado 0-0: Ball
1-0: Ball
2-0: Called Strike
2-1: Ball
3-1: Base on Balls
Batting: LHB John Ennis 0-0: Ball
1-0: Ball
2-0: Called Strike
2-1: Ball
3-1: Fly out, F8 (Flyball, 8RD)
Runner from 2nd tags up, SAFE at 3rd, no throw
Batting: SHB Chris Williamson 0-0: Called Strike
0-1: Hit by Pitch
Raúl Delgado to second
Batting: LHB Gabriel Díaz 0-0: Swinging Strike
0-1: Foul Ball, location: 2F
0-2: SINGLE (Line Drive, 7S)
Eddie Ménard scores
Raúl Delgado to third
Chris Williamson to second
Runner from 3rd tries for Home, SAFE, no throw
Batting: LHB Joram Nelen 0-0: Foul Ball, location: 2F
0-1: Ball
Throwing error on steal attempt, E2
Chris Williamson scores
Gabriel Díaz to third
1-1: Called Strike
1-2: Ball
2-2: Ball
3-2: Ground out 4-3 (Groundball, 4)
Bottom of the 1st over - 3 run(s), 2 hit(s), 1 error(s), 1 left on base; Brooklyn 0 - Portland 3
TOP OF THE 2ND
Brooklyn Dodgers batting - Pitching for Portland Evergreens : RHP Juan Ángel
Batting: LHB Avon Barksdale 0-0: Called Strike
0-1: Called Strike
0-2: Ball
1-2: Foul Ball, location: 2F
1-2: Ball
2-2: Strikes out swinging
Batting: LHB Chad Armstrong 0-0: Foul Ball, location: 2F
0-1: Called Strike
0-2: Ball
1-2: DOUBLE (Flyball, 9D)
Batting: RHB Gerald Clark 0-0: Ball
1-0: SINGLE (Line Drive, 56D)
Chad Armstrong to third
Batting: LHB Yannick Hendriksen 0-0: Ball
1-0: Foul Ball, location: 2F
1-1: Ball
2-1: Swinging Strike
2-2: Strikes out swinging
Batting: RHB Josh Stafford 0-0: SINGLE (Groundball, 6D)
Chad Armstrong scores
Gerald Clark to second
Batting: RHB Vincent Crane 0-0: Foul Ball, location: 2F
0-1: Ball
1-1: Called Strike
1-2: Strikes out looking
Top of the 2nd over - 1 run(s), 3 hit(s), 0 error(s), 2 left on base; Brooklyn 1 - Portland 3
BOTTOM OF THE 2ND
Portland Evergreens batting - Pitching for Brooklyn Dodgers : RHP Russ Horne
Batting: RHB Silvio Bonauiti 0-0: Called Strike
0-1: Called Strike
0-2: SINGLE (Groundball, 23) (infield hit)
Batting: LHB Shang-de Zhang 0-0: Called Strike
Silvio Bonauiti is caught stealing 2nd base
0-1: Called Strike
0-2: Ball
1-2: Fly out, F2 (Popup, 25)
Batting: LHB José Ruíz 0-0: Called Strike
0-1: Foul Ball, location: 2F
0-2: Ball
1-2: Ball
2-2: SINGLE (Line Drive, 8RS)
Batting: SHB Eddie Ménard 0-0: Called Strike
José Ruíz steals 2nd base
0-1: Foul Ball, location: 2F
0-2: Ball
1-2: Ball
2-2: Foul Ball, location: 2F
2-2: Foul Ball, location: 2F
2-2: Foul Ball, location: 2F
2-2: Ground out 2-3 (Groundball, 2L)
Bottom of the 2nd over - 0 run(s), 2 hit(s), 0 error(s), 1 left on base; Brooklyn 1 - Portland 3
TOP OF THE 3RD
Brooklyn Dodgers batting - Pitching for Portland Evergreens : RHP Juan Ángel
Batting: RHB Tony Justice 0-0: Foul Ball, location: 2F
0-1: Swinging Strike
0-2: Ground out 6-3 (Groundball, 6S)
Batting: SHB Juan Rivas 0-0: Foul Ball, location: 2F
0-1: Ground out U3 (Groundball, 34)
Batting: RHB Oliver Aranda 0-0: Fly out, F8 (Line Drive, 78M)
Top of the 3rd over - 0 run(s), 0 hit(s), 0 error(s), 0 left on base; Brooklyn 1 - Portland 3
BOTTOM OF THE 3RD
Portland Evergreens batting - Pitching for Brooklyn Dodgers : RHP Russ Horne
Batting: RHB Raúl Delgado 0-0: Ball
1-0: Foul Ball, location: 2F
1-1: Called Strike
1-2: Foul Ball, location: 2F
1-2: Strikes out looking
Batting: LHB John Ennis 0-0: Called Strike
0-1: Ball
1-1: Swinging Strike
1-2: Foul Ball, location: 2F
1-2: Ball
2-2: Foul Ball, location: 2F
2-2: Strikes out looking
Batting: SHB Chris Williamson 0-0: Ball
1-0: Called Strike
1-1: Ball
2-1: SINGLE (Flyball, 89S)
Batting: LHB Gabriel Díaz 0-0: SINGLE (Groundball, 3D)
Chris Williamson to second
Throwing error, E9
Chris Williamson scores
Gabriel Díaz to second
Batting: LHB Joram Nelen 0-0: Called Strike
0-1: Reached on error, E3 (Groundball, 3L)
Gabriel Díaz to third
Batting: RHB Silvio Bonauiti 0-0: Swinging Strike
0-1: SINGLE (Line Drive, 15S)
Gabriel Díaz scores
Joram Nelen to second
Batting: LHB Shang-de Zhang 0-0: Called Strike
0-1: Swinging Strike
0-2: Ball
1-2: Strikes out swinging
Bottom of the 3rd over - 2 run(s), 3 hit(s), 2 error(s), 2 left on base; Brooklyn 1 - Portland 5
TOP OF THE 4TH
Brooklyn Dodgers batting - Pitching for Portland Evergreens : RHP Juan Ángel
Batting: LHB Avon Barksdale 0-0: SINGLE (Groundball, 34D)
Batting: LHB Chad Armstrong 0-0: Ball
1-0: Ball
2-0: Swinging Strike
2-1: Ball
3-1: Called Strike
3-2: Base on Balls
Avon Barksdale to second
Batting: RHB Gerald Clark 0-0: Ball
1-0: Fly out, F1 (Line Drive, 13)
Batting: LHB Yannick Hendriksen 0-0: Foul Ball, location: 2F
0-1: Ball
1-1: Ball
2-1: Called Strike
2-2: Strikes out swinging
Batting: RHB Josh Stafford 0-0: Called Strike
0-1: SINGLE (Groundball, 6MD)
Avon Barksdale to third
Chad Armstrong to second
Runner from 3rd tries for Home, SAFE, no throw
Batting: RHB Vincent Crane 0-0: Foul Ball, location: 2F
0-1: Ball
1-1: Ball
2-1: Ball
3-1: SINGLE (Groundball, 4MD)
Chad Armstrong to third
Josh Stafford to second
Runner from 3rd tries for Home, SAFE, no throw
Batting: RHB Tony Justice 0-0: Foul Ball, location: 2F
0-1: Swinging Strike
0-2: Strikes out swinging
Top of the 4th over - 2 run(s), 3 hit(s), 0 error(s), 2 left on base; Brooklyn 3 - Portland 5
BOTTOM OF THE 4TH
Portland Evergreens batting - Pitching for Brooklyn Dodgers : RHP Russ Horne
Batting: LHB José Ruíz 0-0: Swinging Strike
0-1: Fly out, F7 (Flyball, 7S)
Batting: SHB Eddie Ménard 0-0: Ball
1-0: Foul Ball, location: 2F
1-1: Ball
2-1: Foul Ball, location: 2F
2-2: Foul Ball, location: 2F
2-2: Ball
3-2: Strikes out swinging
Batting: RHB Raúl Delgado 0-0: Foul Ball, location: 2F
0-1: Called Strike
0-2: Strikes out swinging
Bottom of the 4th over - 0 run(s), 0 hit(s), 0 error(s), 0 left on base; Brooklyn 3 - Portland 5
TOP OF THE 5TH
Brooklyn Dodgers batting - Pitching for Portland Evergreens : RHP Juan Ángel
Batting: SHB Juan Rivas 0-0: Ball
1-0: Foul Ball, location: 2F
1-1: SOLO HOME RUN (Flyball, 9D), Distance : 403 ft
Batting: RHB Oliver Aranda 0-0: Called Strike
0-1: Ground out 4-3 (Groundball, 4)
Batting: LHB Avon Barksdale 0-0: Ball
1-0: Called Strike
1-1: Fly out, F6 (Popup, 56D)
Batting: LHB Chad Armstrong 0-0: Called Strike
0-1: Ball
1-1: Ball
2-1: Foul Ball, location: 2F
2-2: Foul Ball, location: 2F
2-2: Foul Ball, location: 2F
2-2: Ball
3-2: Fly out, F8 (Flyball, 8RXD)
Top of the 5th over - 1 run(s), 1 hit(s), 0 error(s), 0 left on base; Brooklyn 4 - Portland 5
BOTTOM OF THE 5TH
Portland Evergreens batting - Pitching for Brooklyn Dodgers : RHP Russ Horne
Batting: LHB John Ennis 0-0: Called Strike
0-1: Foul Ball, location: 2F
0-2: Strikes out swinging
Batting: SHB Chris Williamson 0-0: Ball
1-0: Fly out, F7 (Flyball, 7S)
Batting: LHB Gabriel Díaz 0-0: Ground out 4-3 (Groundball, 4)
Bottom of the 5th over - 0 run(s), 0 hit(s), 0 error(s), 0 left on base; Brooklyn 4 - Portland 5
TOP OF THE 6TH
Brooklyn Dodgers batting - Pitching for Portland Evergreens : RHP Juan Ángel
Batting: RHB Gerald Clark 0-0: Called Strike
0-1: Ball
1-1: Called Strike
1-2: SINGLE (Line Drive, 8RS)
Batting: LHB Yannick Hendriksen 0-0: Bunted foul
0-1: Sac Bunt - play at first, batter OUT! 5-4
Gerald Clark to second
Batting: RHB Josh Stafford 0-0: Called Strike
0-1: DOUBLE (Line Drive, 7)
Gerald Clark scores
Batting: RHB Vincent Crane 0-0: Intentional Walk
Batting: RHB Tony Justice 0-0: Called Strike
0-1: Swinging Strike
0-2: Fly out, F8 (Flyball, 89D)
Runner from 2nd tags up, SAFE at 3rd, no throw
Batting: SHB Juan Rivas 0-0: Ball
1-0: Called Strike
1-1: Ball
2-1: 3-RUN HOME RUN (Flyball, 89XD), Distance : 394 ft
Batting: RHB Oliver Aranda 0-0: Called Strike
0-1: Ball
1-1: Foul Ball, location: 2F
1-2: Strikes out swinging
Top of the 6th over - 4 run(s), 3 hit(s), 0 error(s), 0 left on base; Brooklyn 8 - Portland 5
BOTTOM OF THE 6TH
Portland Evergreens batting - Pitching for Brooklyn Dodgers : RHP Russ Horne
Batting: LHB Joram Nelen 0-0: Foul Ball, location: 2F
0-1: Swinging Strike
0-2: Strikes out swinging
Batting: RHB Silvio Bonauiti 0-0: Ball
1-0: Called Strike
1-1: Ball
2-1: Swinging Strike
2-2: Ball
3-2: Base on Balls
Batting: LHB Shang-de Zhang 0-0: Ground out 4-3 (Groundball, 34)
Silvio Bonauiti to second
Batting: LHB José Ruíz 0-0: Called Strike
0-1: Ball
1-1: Ball
2-1: Called Strike
2-2: Ball
3-2: Strikes out swinging
Bottom of the 6th over - 0 run(s), 0 hit(s), 0 error(s), 1 left on base; Brooklyn 8 - Portland 5
TOP OF THE 7TH
Brooklyn Dodgers batting - Pitching for Portland Evergreens : RHP Juan Ángel
Pitching: RHP Mike Farrell
Batting: LHB Avon Barksdale 0-0: Called Strike
0-1: Ball
1-1: Swinging Strike
1-2: Fly out, F8 (Flyball, 89XD)
Batting: LHB Chad Armstrong 0-0: Called Strike
0-1: Ball
1-1: Ground out 3-1 (Groundball, 34S)
Batting: RHB Gerald Clark 0-0: Ball
1-0: Called Strike
1-1: Ground out 5-3 (Groundball, 56)
Top of the 7th over - 0 run(s), 0 hit(s), 0 error(s), 0 left on base; Brooklyn 8 - Portland 5
BOTTOM OF THE 7TH
Portland Evergreens batting - Pitching for Brooklyn Dodgers : RHP Russ Horne
Batting: SHB Eddie Ménard 0-0: Ball
1-0: Ball
2-0: Ball
3-0: Called Strike
3-1: Foul Ball, location: 2F
3-2: Foul Ball, location: 2F
3-2: Base on Balls
Pitching: LHP Brandeis Vogt
Batting: RHB Raúl Delgado 0-0: Ball
1-0: Foul Ball, location: 2F
1-1: Fly out, F7 (Flyball, 7)
Batting: LHB John Ennis 0-0: Called Strike
0-1: Ball
1-1: Swinging Strike
1-2: Strikes out swinging
Batting: SHB Chris Williamson 0-0: Called Strike
0-1: Fly out, F8 (Flyball, 78M)
Bottom of the 7th over - 0 run(s), 0 hit(s), 0 error(s), 1 left on base; Brooklyn 8 - Portland 5
TOP OF THE 8TH
Brooklyn Dodgers batting - Pitching for Portland Evergreens : RHP Mike Farrell
Batting: LHB Yannick Hendriksen 0-0: Ball
1-0: Swinging Strike
1-1: Ball
2-1: Ball
3-1: Called Strike
3-2: Fly out, F9 (Line Drive, 89M)
Batting: RHB Josh Stafford 0-0: Called Strike
0-1: SINGLE (Groundball, 4MD)
Batting: RHB Vincent Crane 0-0: Called Strike
0-1: Ball
1-1: SINGLE (Groundball, 6S) (infield hit)
Josh Stafford to second
Batting: RHB Tony Justice 0-0: Foul Ball, location: 2F
0-1: SINGLE (Groundball, 56D)
Josh Stafford to third
Vincent Crane to second
Batting: SHB Juan Rivas 0-0: Fly out, F8 (Flyball, 8LM)
Runner from 3rd tags up, SCORES, no throw
Batting: RHB Oliver Aranda 0-0: Ball
1-0: Called Strike
1-1: Swinging Strike
1-2: Ground out 5-3 (Groundball, 56S)
Top of the 8th over - 1 run(s), 3 hit(s), 0 error(s), 2 left on base; Brooklyn 9 - Portland 5
BOTTOM OF THE 8TH
Portland Evergreens batting - Pitching for Brooklyn Dodgers : LHP Brandeis Vogt
Batting: LHB Gabriel Díaz 0-0: Foul Ball, location: 2F
0-1: Swinging Strike
0-2: SINGLE (Line Drive, 4MD)
Batting: LHB Joram Nelen 0-0: Ball
1-0: Foul Ball, location: 2F
1-1: Foul Ball, location: 2F
1-2: Ball
2-2: SINGLE (Groundball, 34D)
Gabriel Díaz to second
Runner from 2nd tries for 3rd, SAFE, throw made to third
Pitching: RHP John Bailey
Batting: RHB Silvio Bonauiti 0-0: Foul Ball, location: 2F
0-1: Fielders Choice at 2nd, 5-4 (Groundball, 56)
Gabriel Díaz scores
Batting: LHB Shang-de Zhang 0-0: Ball
1-0: Ground out 4-3 (Groundball, 4S)
Silvio Bonauiti to second
Batting: LHB José Ruíz 0-0: Ground out U3 (Groundball, 3)
Bottom of the 8th over - 1 run(s), 2 hit(s), 0 error(s), 1 left on base; Brooklyn 9 - Portland 6
TOP OF THE 9TH
Brooklyn Dodgers batting - Pitching for Portland Evergreens : RHP Mike Farrell
Batting: LHB Avon Barksdale 0-0: Fly out, F7 (Flyball, 78M)
Batting: LHB Chad Armstrong 0-0: Foul Ball, location: 2F
0-1: Swinging Strike
0-2: SOLO HOME RUN (Flyball, 9D), Distance : 399 ft
Batting: RHB Gerald Clark 0-0: Called Strike
0-1: Foul Ball, location: 2F
0-2: Foul Ball, location: 2F
0-2: Ball
1-2: Foul Ball, location: 2F
1-2: Foul Ball, location: 2F
1-2: Foul Ball, location: 2F
1-2: Ball
2-2: Ball
3-2: Base on Balls
Pitching: RHP Vincente Ortíz
Batting: LHB Yannick Hendriksen 0-0: Ball
1-0: Ball
2-0: DOUBLE (Line Drive, 8LXD)
Gerald Clark to third
Batting: RHB Josh Stafford 0-0: Ball
1-0: Foul Ball, location: 2F
1-1: Foul Ball, location: 2F
1-2: Ball
2-2: Ball
3-2: Foul Ball, location: 2F
3-2: Base on Balls
Batting: RHB Vincent Crane 0-0: Ball
1-0: Ball
2-0: Foul Ball, location: 2F
2-1: Ball
3-1: Base on Balls
Gerald Clark scores
Yannick Hendriksen to third
Josh Stafford to second
Batting: RHB Tony Justice 0-0: Ball
1-0: Ball
2-0: Ball
3-0: Base on Balls
Yannick Hendriksen scores
Josh Stafford to third
Vincent Crane to second
Batting: SHB Juan Rivas 0-0: Ball
1-0: Foul Ball, location: 2F
1-1: Ball
2-1: Ball
3-1: Swinging Strike
3-2: Base on Balls
Josh Stafford scores
Vincent Crane to third
Tony Justice to second
Batting: RHB Oliver Aranda 0-0: Ball
1-0: Foul Ball, location: 2F
1-1: Swinging Strike
1-2: Grounds into fielders choice 1-2 (Groundball, P)
Tony Justice to third
Juan Rivas to second
Batting: LHB Avon Barksdale 0-0: Ball
1-0: Foul Ball, location: 2F
1-1: Swinging Strike
1-2: GRAND SLAM HOME RUN (Flyball, 9LD), Distance : 371 ft
Pinch Hitting: RHB Thom Wilcox 0-0: Ball
1-0: Ball
2-0: Ball
3-0: Called Strike
3-1: Called Strike
3-2: Ground out 6-3 (Groundball, 56)
Top of the 9th over - 8 run(s), 3 hit(s), 0 error(s), 0 left on base; Brooklyn 17 - Portland 6
BOTTOM OF THE 9TH
Portland Evergreens batting - Pitching for Brooklyn Dodgers : RHP John Bailey
Now in LF: Thom Wilcox
Batting: SHB Eddie Ménard 0-0: Called Strike
0-1: Foul Ball, location: 2F
0-2: SINGLE (Line Drive, 6MD)
Batting: RHB Raúl Delgado 0-0: Ball
1-0: Foul Ball, location: 2F
1-1: Ball
2-1: Foul Ball, location: 2F
2-2: Grounds into double play, 6-4-3 (Groundball, 6)
Batting: LHB John Ennis 0-0: SINGLE (Flyball, 78S)
Batting: SHB Chris Williamson 0-0: Ball
1-0: Ball
2-0: Foul Ball, location: 2F
2-1: Fly out, F8 (Flyball, 8LM)
Bottom of the 9th over - 0 run(s), 2 hit(s), 0 error(s), 1 left on base; Brooklyn 17 - Portland 6
Saturday, May 26th, 2018 - OOTP Baseball 17.12 Build 75